 Dungeon Crawl Stone Soup version 0.28-a0-973-ga7f8b01127 (webtiles) character file.

Game seed: 4459903383485527767

32 horus123 the Skirmisher (level 3, 0/29 HPs)
             Began as a Demonspawn Abyssal Knight on Dec 1, 2021.
             Was a Follower of Lugonu.
             Slain by a wight (17 damage)
             ... on level 4 of the Dungeon.
             The game lasted 00:02:38 (1200 turns).

horus123 the Skirmisher (Demonspawn Abyssal Knight) Turns: 1200, Time: 00:02:39

Health: 0/29       AC:  5    Str: 13    XL:     3   Next: 8%
Magic:  5/5        EV: 11    Int: 13    God:    Lugonu [*.....]
Gold:   21         SH:  0    Dex: 13    Spells: 2/2 levels left

rFire   + . .      SeeInvis .   a - +1 spear
rCold   x . .      Faith    .   (no shield)
rNeg    . . .      Spirit   .   b - +0 leather armour
rPois   .          Reflect  .   (no helmet)
rElec   .          Harm     .   e - +1 cloak
rCorr   .          Rampage  .   (no gloves)
Will    .....                   (no boots)
Stlth   +.........              (no amulet)
HPRegen 0.09/turn               d - ring of fire
MPRegen 0.09/turn               (no ring)

@: no status effects
A: powered by pain 1, demonic magic 1
a: Renounce Religion, Depart the Abyss


You were on level 4 of the Dungeon.
You worshipped Lugonu.
Lugonu was aware of your devotion.
You visited 1 branch of the dungeon, and saw 3 of its levels.
You visited the Abyss 1 time.

You collected 21 gold pieces.

Inventory:

Hand Weapons
 a - a +1 spear (weapon)
Armour
 b - a +0 leather armour (worn)
 e - a +1 cloak (worn)
Jewellery
 d - a ring of fire (left hand)
Potions
 c - a potion of curing {unknown}
 f - 2 potions of brilliance {unknown}


   Skills:
 - Level 3.3 Fighting
 + Level 2.6 Polearms
 - Level 1.8 Armour
 - Level 1.1 Dodging
 - Level 0.2 Stealth
 - Level 2.7 Invocations


You had 2 spell levels left.
You didn't know any spells.
Your spell library contained the following spells:

 Spells                   Type           Power      Damage    Failure   Level
 Summon Guardian Golem    Hex/Summ       0%         N/A       75%         3
 Orb of Destruction       Conj           0%         N/A       100%        7
 Spellforged Servitor     Conj/Summ      0%         N/A       100%        7


Dungeon Overview and Level Annotations

Branches:
Dungeon (2/15)

Altars:

Annotations:
D:2 Sigmund


Innate Abilities, Weirdness & Mutations

You sometimes gain a little power by taking damage.
Spells you cast may paralyse adjacent enemies.


Message History

There is a stone staircase leading down here.
There is a stone staircase leading down here.
As you open the door, it creaks loudly!
There is an open door here.
Partly explored, can't reach some places.
Partly explored, can't reach some places.
(D) Dungeon
Where to? (? - help)
What level of the Dungeon? (default 1, ? - help)
There is an open door here.
There is a stone staircase leading down here.
You climb downwards.
A sudden malevolence fills the Dungeon...
You fall into a shaft and drop 2 floors!
The shaft crumbles and collapses. 4 wights come into view.
A wight is wielding a +3 flail of freezing.
Found a sedimented puce potion and a spear.
Found an escape hatch in the floor.
The wight closely misses you. The wight closely misses you.
You see here a sedimented puce potion.
The wight misses you. The wight closely misses you. The wight misses you.
The wight misses you.
The wight hits you from afar with a +4 spear!
There is an escape hatch in the floor here.
You hit the wight but do no damage. The wight hits you with a +4 battleaxe.
You closely miss the wight. The wight barely misses you.
You hit the wight.
The wight is lightly damaged.
The wight barely misses you.
You barely miss the wight.
The wight is lightly damaged.
The wight completely misses you.
You hit the wight but do no damage.
The wight is lightly damaged.
The wight hits you with a +4 battleaxe!
Ouch! That really hurt!
You die...

#.............##
##.............#
#...!.........#
##...........##
#...........#
##........z######
...........z>...z.#
.####......#####z##
#....### #@.#
###### ####


You could see 2 wights.

Vanquished Creatures
  A gnoll (D:1)
  4 bats (D:1)
  2 endoplasms (D:1)
  A giant cockroach (D:1)
  2 goblins (D:1)
  A hobgoblin (D:1)
  3 quokkas (D:1)
  A ball python (D:1)
  2 frilled lizards (D:1)
  A kobold (D:1)
  2 rats (D:1)
20 creatures vanquished.

Vanquished Creatures (others)
  A plant (D:1)
1 creature vanquished.

Grand Total: 21 creatures vanquished

Notes
Turn   | Place    | Note
-------+----------+-------------------------------------------
     0 | Abyss:1  | horus123 the Demonspawn Abyssal Knight began the quest for
                  | the Orb.
     0 | Abyss:1  | Reached XP level 1. HP: 18/18 MP: 2/2
    51 | Abyss:1  | Noticed a large abomination
    52 | D:1      | Escaped the Abyss
   225 | D:1      | Reached skill level 1 in Dodging
   312 | D:1      | Gained mutation: You sometimes gain a little power by
                  | taking damage. [demonic ancestry]
   312 | D:1      | Reached XP level 2. HP: 24/24 MP: 3/3
   499 | D:1      | Reached * piety under Lugonu
   534 | D:1      | Found a faded altar of an unknown god.
   892 | D:1      | Gained mutation: Spells you cast may paralyse adjacent
                  | enemies. [demonic ancestry]
   892 | D:1      | Reached XP level 3. HP: 14/29 MP: 5/5
  1173 | D:2      | Noticed Sigmund
  1173 | D:2      | You fall into a shaft and drop 2 floors!
  1200 | D:4      | Slain by a wight

Illustrated notes

Levels and vault maps discovered:
D:1:      minmay_arrival_up_and_down, layout_rooms, shapermc_ecumenical_altar_gd
D:2:      layout_basic, serial_rivers, chequers_serial_rivers_small_b,
          chequers_serial_rivers_large_a, chequers_serial_rivers_small_a,
          chequers_serial_rivers_marsh, chequers_serial_rivers_room_b,
          st_stairs_9, uniq_sigmund
D:4:      layout_cave_pods, mainiacjoe_overflow_surrounded_room, uniq_pikel,
          uniq_edmund

Skill      XL: |  1 |
---------------+----+-----
Dodging        | 1 |  1.1
Polearms       | 2 |  2.6
Fighting       | |  3.3
Armour         | |  1.8
Stealth        | |  0.2
Invocations    | |  2.7

Action                   || total
-------------------------++-------
Melee: Spear             ||    70
Invok: Depart the Abyss  ||     1
  Use: Scroll            ||     1
 Stab: Sleeping          ||     1
Armor: Leather armour    ||    19
Dodge: Dodged            ||    38

Table legend: (Time is in decaauts)
 A = Elapsed time spent in this place.
 B = Non-inter-level travel time spent in this place.
 C = Inter-level travel time spent in this place.
 D = Time resting spent in this place.
 E = Time spent auto-exploring this place.
 F = Levels seen in this place.
 G = Mean time per level.
                   A        B        C        D        E       F      G
               +--------+--------+--------+--------+--------+-----+--------+
         Total |   1198 |   1184 |     14 |    281 |    745 |   4 |  299.5 |
       Dungeon |   1146 |   1132 |     14 |    281 |    696 |   3 |  382.0 |
         Abyss |     52 |     52 |      0 |      0 |     49 |   1 |   52.0 |
               +--------+--------+--------+--------+--------+-----+--------+

Top non-repeatable levels by time:
     D:1: 1120 daAuts
 Abyss:1: 52 daAuts
     D:4: 26 daAuts
